 Dungeon Crawl Stone Soup version 0.31-a0-175-g9f7f995f2b (webtiles) character file.

Game seed: 16049735856995590668

156 rabbitsville the Shooter (level 5, -14/42 HPs)
             Began as a Formicid Hunter on June 17, 2023.
             Demolished by an ogre
             ... wielding a +0 giant club
              (22 damage)
             ... on level 4 of the Dungeon.
             The game lasted 00:11:19 (2633 turns).

rabbitsville the Shooter (Formicid Hunter)          Turns: 2633, Time: 00:11:20

Health: -14/42     AC:  4    Str: 16    XL:     5   Next: 64%
Magic:  5/5        EV: 13    Int:  8    God:
Gold:   98         SH:  0    Dex: 19    Spells: 4/4 levels left

rFire   . . .        a - +0 shortbow
rCold   . . .        (no shield)
rNeg    + . .        c - +0 leather armour
rPois   .            (helmet unavailable)
rElec   .            g - +0 cloak
rCorr   .            (no gloves)
SInv    +            (no boots)
Will    .....        (no amulet)
Stlth   ++           r - ring of positive energy
HPRegen 0.27/turn    (no ring)
MPRegen 0.09/turn

%: no passive effects
@: no status effects
A: permanent stasis, dig shafts and tunnels, antennae 3, four strong arms
a: Dig, Shaft Self


You were on level 4 of the Dungeon.
You visited 1 branch of the dungeon, and saw 4 of its levels.

You collected 118 gold pieces.
You spent 20 gold pieces at shops.

Inventory:

Hand Weapons
 a - a +0 shortbow (weapon)
Armour
 c - a +0 leather armour (worn)
 g - a +0 cloak (worn)
Jewellery
 r - a ring of positive energy (left hand)
 t - a ring of fire
Scrolls
 b - 2 scrolls of butterflies
 f - 2 scrolls of fear {unknown}
 i - 7 scrolls of identify
 j - a scroll of teleportation {unknown}
 k - a scroll of vulnerability {unknown}
 l - a scroll of blinking {unknown}
 n - a scroll of poison {unknown}
 p - a scroll of amnesia {unknown}
 q - a scroll of enchant armour {unknown}
 s - a scroll of immolation {unknown}
Potions
 d - 4 potions of curing {unknown}
 e - 2 potions of mutation {unknown}
 h - 2 potions of brilliance {unknown}
 m - a potion of magic {unknown}
 o - a potion of might {unknown}


   Skills:
 + Level 3.9 Fighting
 + Level 4.9 Ranged Weapons
 + Level 3.1 Dodging
 - Level 1.2 Stealth


You had 4 spell levels left.
You didn't know any spells.
Your spell library contained the following spells:

 Spells                   Type           Power      Damage    Failure   Level
 Foxfire                  Conj/Fire      0%         2x1d4     47%         1
 Cigotuvi's Dreadful Rot  Necr/Pois/Air  0%         N/A       63%         2
 Lesser Beckoning         Tloc           0%         N/A       63%         2
 Momentum Strike          Conj/Tloc      0%         3d8       63%         2
 Dispel Undead            Necr           0%         3d6       99%         4
 Arcjolt                  Conj/Air       0%         1d10      100%        5
 Fireball                 Conj/Fire      0%         3d3       100%        5
 Death Channel            Necr           0%         N/A       100%        6
 Fire Storm               Conj/Fire      0%         5d1       100%        9
 Blink                    Tloc           Unusable   N/A       N/A         2

Dungeon Overview and Level Annotations

Branches:
Dungeon (4/15)
 Temple: D:4-7

Altars:
Yredelemnul
Zin

Shops:
D:1 ?

Annotations:
D:3 1 runed translucent door, Crazy Yiuf


Innate Abilities, Weirdness & Mutations

You cannot be hasted, slowed, berserked, paralysed or teleported.
You can dig through walls and to a lower floor.
You have a pair of large antennae on your head. (SInv)
Your four strong arms can wield two-handed weapons with a shield.


Message History

You shoot an arrow. The arrow hits the adder!
You kill the adder!
You feel sick.
You feel sick.
You feel sick.
You feel sick.
You start resting.
You feel sick.
You are no longer poisoned.
A ball python comes into view.
You shoot an arrow.
The arrow barely misses the ball python.
The ball python hisses angrily.
You shoot an arrow. The arrow hits the ball python!
You kill the ball python!
You start resting.
HP restored.
There is an open door here.
There is a glowing silver altar of Zin here.
There is an open door here.
The ogre shouts!
You shoot an arrow. The arrow hits the ogre.
The ogre is lightly wounded.
You shoot an arrow. The arrow closely misses the ogre.
There is an open door here.
There is a glowing silver altar of Zin here.
There is an open door here.
Fire: a) +0 shortbow
Press: ? - help, Q - select action, (/) - cycle Shift-Dir - straight line, f/p - ogre
Aim: an ogre, wielding a +0 giant club (77% to hit)
You shoot an arrow. The arrow barely misses the ogre.
The ogre attacks as you move away! The ogre closely misses you.
There is an open door here.
The ogre attacks as you move away!
The ogre hits you with a +0 giant club!!
Ouch! That really hurt!
* * * LOW HITPOINT WARNING * * *
The ogre attacks as you move away!
The ogre hits you with a +0 giant club!!
Ouch! That really hurt!
You die...

#.......#.........#.....
#.......##...#..........
#.......'....###...###+
#.......#....##8...8#
#.......'...####...##
#.......#....# #รท..#
#.......#..#.###...## #
#......O#....##8...8# .
#......@########...####
#.......#8###8##...##8##
#.......................
#......<................
#.......................
#########8###8##...##8##
### ####...#####
#8...8##.. ##...###..


You could see an ogre.

Vanquished Creatures
  2 hounds
  6 adders
  A worm (D:2)
  A dart slug (D:4)
  An endoplasm (D:2)
  4 goblins
  A hobgoblin (D:2)
  A kobold (D:4)
  3 quokkas
  4 ball pythons
  7 bats
  6 frilled lizards
  6 rats
43 creatures vanquished.

Notes
Turn   | Place    | Note
-------+----------+-------------------------------------------
     0 | D:1      | rabbitsville the Formicid Hunter began the quest for the
                  | Orb.
     0 | D:1      | Reached XP level 1. HP: 16/16 MP: 1/1
   301 | D:1      | Found Giduaxeu's Magic Scroll Shoppe.
   313 | D:1      | Bought a scroll of identify for 20 gold pieces
   767 | D:2      | Reached XP level 2. HP: 23/23 MP: 2/2
   942 | D:2      | Found a basalt altar of Yredelemnul.
   950 | D:2      | Reached XP level 3. HP: 28/28 MP: 3/3
  1518 | D:3      | Noticed a gnoll sergeant
  1610 | D:3      | Reached XP level 4. HP: 14/35 MP: 4/4
  1710 | D:3      | Got the Almanac of the Assorted Gods
  1923 | D:4      | Noticed an ogre
  1945 | D:4      | Reached XP level 5. HP: 4/41 MP: 5/5
  2156 | D:3      | Found a runed translucent door.
  2157 | D:3      | Noticed Crazy Yiuf
  2459 | D:4      | Found a glowing silver altar of Zin.
  2633 | D:4      | Demolished by an ogre

Illustrated notes

Levels and vault maps discovered:
D:1:      dpeg_arrival_more_subterranean_lakeside_camping, layout_basic,
          serial_shops, nicolae_shop_waterfront, chequers_serial_rivers_micro_e
D:2:      layout_basic, basic_altar, chequers_serial_rivers_large_a,
          amcnicky_mini_pool_small
D:3:      minmay_spotlight, layout_basic,
          chequers_ecumenical_altar_simple_redux, uniq_crazy_yiuf_cottage
D:4:      layout_basic, kennysheep_mini, mainiacjoe_overflow_chevrons,
          serial_corexii_hall, chequers_hall_statues_wall_a,
          corexii_hall_statues_l, corexii_hall_statues_x,
          corexii_hall_statues_l, nicolae_half_adder

Skill      XL: |  1  2  3  4  5 |
---------------+----------------+-----
Dodging        | 2 3 |  3.1
Fighting       | 3 |  3.9
Ranged Weapons | |  4.9
Stealth        | |  1.2

Action                     |  1- 3 |  4- 6 || total
---------------------------+-------+-------++-------
   Fire: Shortbow          |    80 |    64 ||   144
 Armour: Leather armour    |     8 |    15 ||    23
  Dodge: Dodged            |    24 |    16 ||    40

Table legend: (Time is in decaauts)
 A = Elapsed time spent in this place.
 B = Non-inter-level travel time spent in this place.
 C = Inter-level travel time spent in this place.
 D = Time resting spent in this place.
 E = Time spent auto-exploring this place.
 F = Levels seen in this place.
 G = Mean time per level.
                   A        B        C        D        E       F      G
               +--------+--------+--------+--------+--------+-----+--------+
         Total |   2672 |   2626 |     46 |    232 |   1474 |   4 |  668.0 |
       Dungeon |   2672 |   2626 |     46 |    232 |   1474 |   4 |  668.0 |
               +--------+--------+--------+--------+--------+-----+--------+

Top non-repeatable levels by time:
     D:2: 915 daAuts
     D:3: 660 daAuts
     D:1: 648 daAuts
     D:4: 447 daAuts
